cohdb
Replays
Latest Replays
All Replays
Popular Replays
Top Player Replays
Match Explorer
How It Works
Community
CoH3 Stats
Reddit
Sign in to upload your games and track your stats! →
Sign in with Steam
Match 45904588
Unlisted
Match 45904588
Overview
Messages
Build Orders
End
Construct Weapon Support Center
Bazooka Squad
Selects Advanced Infantry Battlegroup
Bazooka Squad
M1919 Machine Gun Team
M1919 Machine Gun Team
Air Support Center
Bazooka Squad
Grasshopper Recon Run
Selects Convert to Ranger Squad
P-47 Strafing Run
Construct Motor Pool
Grasshopper Recon Run
M8 Greyhound Armored Car
jackson.gap
Rolo
DimScorp
JVM
Starlight
喵头鹰
Sokol(c)
Syverus
0
0
Comments
sign in to comment!
No comments posted yet!